 Dungeon Crawl Stone Soup version 0.29-a0-845-g6161e89988 (webtiles) character file.

Game seed: 4013068688744932275

228 Spectrina the Covert (level 5, 0/31 HPs)
             Began as a Vampire Delver on July 15, 2022.
             Slain by an ufetubus (2 damage)
             ... on level 5 of the Dungeon on July 16, 2022.
             The game lasted 00:02:37 (260 turns).

Spectrina the Covert (Vampire Delver)                Turns: 260, Time: 00:02:38

Health: 0/31       AC:  3    Str: 11    XL:     5   Next: 70%
Magic:  5/5        EV: 12    Int: 13    God:
Gold:   20         SH:  0    Dex: 23    Spells: 4/4 levels left

rFire   . . .      SeeInvis +   a - +0 short sword
rCold   + + .      Faith    .   (no shield)
rNeg    + + +      Spirit   .   b - +0 leather armour
rPois   ∞          Reflect  .   (no helmet)
rElec   .          Harm     .   (no cloak)
rCorr   .          Rampage  .   (no gloves)
Will    .....                   (no boots)
Stlth   +++++++...              (no amulet)
HPRegen 0.00/turn               j - +6 ring of dexterity
MPRegen 0.09/turn               (no ring)

@: bloodless, inhibited regen
A: bloodless, fangs 3, see invisible, vampiric 2
a: Bat Form, Revivify


You were on level 5 of the Dungeon.
You visited 1 branch of the dungeon, and saw 3 of its levels.

You collected 20 gold pieces.

Inventory:

Hand Weapons
 a - a +0 short sword (weapon)
 i - a +1 whip of draining
Armour
 b - a +0 leather armour (worn)
 l - a +0 chain mail
Magical Staves
 m - a staff of earth
Jewellery
 j - a +6 ring of dexterity (left hand)
Wands
 g - a wand of digging (3)
 n - a wand of flame (16)
Scrolls
 c - a scroll of fog
 d - a scroll of magic mapping
 e - a scroll of fear
 h - a scroll of identify {unknown}
 k - a scroll of summoning {unknown}
Potions
 f - a potion of haste


   Skills:
 - Level 2.6 Fighting
 + Level 4.9 Short Blades
 - Level 2.1 Dodging
 + Level 9.7 Stealth


You had 4 spell levels left.
You didn't know any spells.
Your spell library was empty.

Dungeon Overview and Level Annotations

Branches:
Dungeon (7/15)
 Temple: D:4-7

Altars:


Innate Abilities, Weirdness & Mutations

You do not regenerate when monsters are visible.
You are frail without blood (-20% HP).
You can heal yourself when you bite living creatures.
You are immune to poison.
You have razor-sharp teeth.
You have supernaturally acute eyesight. (SInv)
You are afflicted with vampirism and can become a bat while bloodless.


Message History

You climb upwards.
There is a stone staircase leading down here.
The gnoll shouts! x2
An orc comes into view. It is wielding a +0 whip.
You hear a shout!
An ufetubus comes into view.
Unknown command.
The gnoll hits you with a +0 whip!
Things that are here:
a +0 spear; a gnoll skeleton Unknown command.
You closely miss the gnoll. The gnoll hits you with a +0 whip!
Unknown command.
The gnoll attacks as you move away! The gnoll hits you with a +0 whip.
* * * LOW HITPOINT WARNING * * *
The orc shouts!
You hit the gnoll.
The gnoll is lightly wounded.
The gnoll misses you.
A necrophage comes into view.
The gnoll throws a throwing net.
The throwing net barely misses you. The ufetubus attacks as you move away!
The ufetubus barely misses you. The ufetubus misses you.
The ufetubus barely misses you. The ufetubus hits you.
* * * LOW HITPOINT WARNING * * *
The ufetubus attacks as you move away! The ufetubus barely misses you.
The ufetubus hits you but does no damage.
You closely miss the ufetubus. You bite the ufetubus.
The ufetubus is lightly wounded.
The ufetubus hits you but does no damage. x2
Okay, then.
The ufetubus closely misses you. The ufetubus hits you.
* * * LOW HITPOINT WARNING * * *
The ufetubus attacks as you move away! The ufetubus closely misses you.
The ufetubus hits you.
* * * LOW HITPOINT WARNING * * *
The ufetubus hits you but does no damage.
The ufetubus closely misses you. The ufetubus attacks as you move away!
The ufetubus barely misses you. The ufetubus hits you.
You die...

.......#............# #.## ...
......####.....###..###...#>...
..(.........##.####...........
##..##.....###..#.#.#..#..#..
.. ###......### #......#..# .#
n.. . .........#..###.#..##
#.#....
..##.......>##.)#...##.......
.# #..##....##..##..#)o.#
#.#..@5.#.gg.o...#
######.........##...!
#..#(.....# .... #.####......#
... .... .....### .. #.....
...#### . #.........#
#.......... ...........


You could see an ufetubus.

Vanquished Creatures
  An ice beast (D:5)
  An ogre (D:5)
  A howler monkey (D:6)
  A gnoll (D:5)
  A dart slug (D:5)
5 creatures vanquished.

Notes
Turn   | Place    | Note
-------+----------+-------------------------------------------
     0 | D:5      | Spectrina the Vampire Delver began the quest for the Orb.
     0 | D:5      | Reached XP level 1. HP: 17/17 MP: 1/1
    19 | D:5      | Reached XP level 2. HP: 18/18 MP: 2/2
    30 | D:5      | Noticed an ice beast
    37 | D:5      | Killed an ice beast
    38 | D:5      | Reached skill level 8 in Stealth
    38 | D:5      | Gained mutation: You are afflicted with vampirism and can
                  | become a bat while bloodless. [Vampire growth]
    38 | D:5      | Reached XP level 3. HP: 16/22 MP: 3/3
    38 | D:5      | Reached XP level 4. HP: 20/27 MP: 4/4
    41 | D:5      | Noticed an ogre
    61 | D:5      | Upgraded the game from 0.29-a0-841-g116ddc6ace to
                  | 0.29-a0-845-g6161e89988
   142 | D:5      | Killed an ogre
   143 | D:5      | Reached skill level 9 in Stealth
   143 | D:5      | Reached XP level 5. HP: 31/31 MP: 5/5
   260 | D:5      | Slain by an ufetubus

Illustrated notes

Levels and vault maps discovered:
D:5:      layout_cave_pools
D:6:      layout_loops_ring, minitemple, nicolae_sif_muna_condensation,
          minmay_misc_feat_iff, minmay_manual_moon, uniq_maggie, uniq_eustachio,
          uniq_menkaure
D:7:      layout_basic, lemuel_round_altar, chequers_serial_rivers_room_b,
          uniq_duvessa

Skill      XL: |  1  2  3  4 |
---------------+-------------+-----
Short Blades   | 4 |  4.9
Stealth        | 8 9 |  9.7
Fighting       | |  2.6
Dodging        | |  2.1

Action                   |  1- 3 |  4- 6 || total
-------------------------+-------+-------++-------
Melee: Short sword       |     4 |    18 ||    22
       Bite              |       |     2 ||     2
 Abil: Exsanguinate      |     1 |       ||     1
 Stab: Sleeping          |     2 |     2 ||     4
Armor: Leather armour    |       |     4 ||     4
Dodge: Dodged            |     1 |    19 ||    20

Table legend: (Time is in decaauts)
 A = Elapsed time spent in this place.
 B = Non-inter-level travel time spent in this place.
 C = Inter-level travel time spent in this place.
 D = Time resting spent in this place.
 E = Time spent auto-exploring this place.
 F = Levels seen in this place.
 G = Mean time per level.
                   A        B        C        D        E       F      G
               +--------+--------+--------+--------+--------+-----+--------+
         Total |    257 |    257 |      0 |      0 |      0 |   3 |   85.7 |
       Dungeon |    257 |    257 |      0 |      0 |      0 |   3 |   85.7 |
               +--------+--------+--------+--------+--------+-----+--------+

Top non-repeatable levels by time:
     D:5: 177 daAuts
     D:6: 76 daAuts
     D:7: 3 daAuts
